 Dungeon Crawl Stone Soup version 0.22-a0-565-gfc6459a (webtiles) character file.

354 Hebeh the Chopper (level 6, 0/56 HPs)
             Began as a Minotaur Fighter on June 28, 2018.
             Slain by a two-headed ogre
             ... wielding a +0 giant club
              (8 damage)
             ... on level 4 of the Dungeon.
             The game lasted 00:10:14 (3921 turns).

Hebeh the Chopper (Minotaur Fighter)                Turns: 3921, Time: 00:10:15

Health: 0/56       AC:  7    Str: 22    XL:     6   Next: 35%
Magic:  5/5        EV:  5    Int:  5    God:
Gold:   182        SH: 18    Dex: 10    Spells: 5/5 levels left

rFire    . . .     SeeInvis .   a - +0 war axe
rCold    . . .     Gourm    .   l - +0 large shield
rNeg     . . .     Faith    .   b - +0 scale mail
rPois    .         Spirit   .   (helmet restricted)
rElec    .         Reflect  +   (no cloak)
rCorr    .         Harm     .   (no gloves)
MR       .....                  (no boots)
Stlth    ..........             k - +3 amulet of reflection
HPRegen  0.18/turn              (no ring)
MPRegen  0.09/turn              (no ring)

@: no status effects
A: retaliatory headbutt, horns 2
a: no special abilities


You were on level 4 of the Dungeon.
You were not hungry.

You visited 1 branch of the dungeon, and saw 6 of its levels.

You collected 182 gold pieces.

Inventory:

Hand Weapons
 a - a +0 war axe (weapon)
Armour
 b - a +0 scale mail (worn)
 c - a +0 shield
 l - a +0 large shield (worn)
Jewellery
 k - a +3 amulet of reflection (around neck)
 v - an uncursed ring of protection from magic {unknown}
Scrolls
 e - 2 scrolls of immolation {unknown}
 g - a scroll of teleportation {unknown}
 n - 5 scrolls of identify {unknown}
 o - 2 scrolls of remove curse
 t - a scroll of fog {unknown}
 u - a scroll of enchant armour {unknown}
Potions
 d - a potion of might
 h - 2 potions of lignification {unknown}
 i - a potion of magic {unknown}
 j - 4 potions of curing
 m - a potion of heal wounds {unknown}
 p - a potion of ambrosia {unknown}
 q - a potion of agility {unknown}
 r - a potion of invisibility {unknown}
Comestibles
 f - 7 rations


   Skills:
 + Level 5.0 Fighting
 * Level 5.5 Axes
 + Level 5.0 Armour
 + Level 5.0 Shields


You had 5 spell levels left.
You didn't know any spells.
Your spell library was empty.

Dungeon Overview and Level Annotations

Branches:
Dungeon (6/15)
 Temple: D:4-7

Altars:


Innate Abilities, Weirdness & Mutations

You reflexively headbutt those who attack you in melee.
You have a pair of horns on your head.


Message History

An adder comes into view.
You block the two-headed ogre's attack. x2; The adder moves out of view.
You slash the two-headed ogre! You headbutt the two-headed ogre!
The two-headed ogre is almost dead.
The two-headed ogre hits you with a giant club.
You block the two-headed ogre's attack.
The adder hisses angrily.
You hit the two-headed ogre.
Your headbutt misses the two-headed ogre.
The two-headed ogre is almost dead.
The two-headed ogre hits you with a giant club!
You block the two-headed ogre's attack.
The two-headed ogre hits you with a giant club! x2
* * * LOW HITPOINT WARNING * * *
You hit the two-headed ogre but do no damage.
You headbutt the two-headed ogre.
The two-headed ogre is almost dead.
The two-headed ogre completely misses you.
The two-headed ogre hits you with a giant club!
You die...

#.###.##.# ### #.# ### #.#
#.############# #.. #.#
#.###........## #.# #.#
#.##..........#### #.# #.#
#.#............#.## #..
#.#####............##.####(.
#....#...########.....'.....
######..##.8..8.##..######..
#..#...@OS.$.##..## ##.
#.##..######..##(.# ##
#..#..## #..# # #. #.##
##.#### # #.#.. #.#..# # #
#.. #.##.### ##$ ##.#.....
#. #..##.### ## ##.###.#


You could see a two-headed ogre and an adder.

Vanquished Creatures
  A bullfrog (D:4)
  A centaur zombie (D:3)
  Natasha (thrice) (D:2)
  An orc wizard (D:4)
  4 adders
  A gnoll (D:1)
  An ooze (D:3)
  An adder skeleton (D:4)
  3 worms (D:2)
  4 dart slugs
  7 leopard geckos
  6 orcs (D:4)
  5 giant cockroaches
  5 goblins
  8 hobgoblins
  2 jackals (D:2)
  A quokka (D:2)
  A ball python (D:4)
  5 bats
  4 frilled lizards
  8 kobolds
  15 rats
87 creatures vanquished.

Notes
Turn   | Place    | Note
-------+----------+-------------------------------------------
     0 | D:1      | Hebeh the Minotaur Fighter began the quest for the Orb.
     0 | D:1      | Reached XP level 1. HP: 19/19 MP: 0/0
    34 | D:1      | Reached XP level 2. HP: 27/27 MP: 1/1
   660 | D:1      | Reached XP level 3. HP: 33/33 MP: 2/2
  1461 | D:2      | Noticed Natasha
  1466 | D:2      | Reached XP level 4. HP: 27/40 MP: 3/3
  1471 | D:2      | Killed Natasha
  1903 | D:2      | Noticed Natasha
  1918 | D:2      | Killed Natasha
  2251 | D:2      | Noticed Natasha
  2257 | D:2      | Killed Natasha
  2257 | D:2      | Reached XP level 5. HP: 43/47 MP: 4/4
  2760 | D:3      | Found a glowing drain.
  3110 | D:4      | Reached skill level 5 in Axes
  3110 | D:4      | Reached XP level 6. HP: 50/55 MP: 5/5
  3346 | D:4      | Reached skill level 5 in Fighting
  3464 | D:4      | You fall through a shaft for 2 floors!
  3469 | D:5      | Entered Level 5 of the Dungeon
  3620 | D:4      | Reached skill level 5 in Shields
  3902 | D:4      | Reached skill level 5 in Armour
  3912 | D:4      | Noticed a two-headed ogre
  3921 | D:4      | Slain by a two-headed ogre

Vault maps used:
D:1:      shiori_shiawase, minmay_misc_feat_columns
D:2:      first_ration, uniq_natasha
D:3:      gup_sewer_entry_bubbles, st_stairs_9
D:4:      kennysheep_big_flooded_room, nzn_random_ring
D:5:      grunt_qazlal_clouds
D:6:      minmay_temple_entry_nine_rooms, ashenzari_altar_1, uniq_sigmund,
          uniq_eustachio

Skill      XL: |  1  2  3  4  5  6 |
---------------+-------------------+-----
Axes           | 3 4 5 |  5.5
Shields        | 4 5 |  5.0
Fighting       | 4 5 |  5.0
Armour         | 4 5 |  5.0

Action                   |  1- 3 |  4- 6 || total
-------------------------+-------+-------++-------
Melee: War axe           |   106 |   136 ||   242
       Headbutt          |    12 |    16 ||    28
  Use: Scroll            |     1 |       ||     1
  Eat: Chunk             |     2 |     8 ||    10
Armor: Scale mail        |    27 |    37 ||    64
Dodge: Dodged            |    22 |    21 ||    43
Block: Shield            |    24 |       ||    24
       Large shield      |    68 |   137 ||   205
       Reflection        |     2 |     5 ||     7

Table legend:
 A = Spawn XP
 B = Non-spawn XP
 C = Spawn XP percentage of total XP
 D = Spawn monster count
 E = Non-spawn monster count
 F = Spawn count percentage of total count
 G = Total turns spent on level
                    A         B        C        D         E        F      G
               +---------+---------+-------+---------+---------+-------+---------
         Total |       0 |     506 |   0.0 |       0 |      87 |   0.0 |  3921
               +---------+---------+-------+---------+---------+-------+---------
           D:1 |       0 |      52 |   0.0 |       0 |      25 |   0.0 |   885
           D:2 |       0 |     169 |   0.0 |       0 |      26 |   0.0 |  1396
           D:3 |       0 |      93 |   0.0 |       0 |      20 |   0.0 |   740
           D:4 |       0 |     179 |   0.0 |       0 |      15 |   0.0 |   877
           D:5 |       0 |      13 |   0.0 |       0 |       1 |   0.0 |    18
               +---------+---------+-------+---------+---------+-------+---------
